 Dungeon Crawl Stone Soup version 0.23.2-30-g0e89c35 (webtiles) character file.

Game seed: 3253733466838252231

10333 Fang the Fighter (level 11, -1/109 HPs)
             Began as a Gargoyle Berserker on June 7, 2019.
             Was a High Priest of Trog.
             Killed by divine providence
             ... invoked by an orc priest
              (15 damage)
             ... on level 11 of the Dungeon.
             The game lasted 00:12:59 (9909 turns).

Fang the Fighter (Gargoyle Berserker)               Turns: 9909, Time: 00:12:59

Health: -1/109     AC: 28    Str: 31    XL:     11   Next: 60%
Magic:  11/11      EV: 27    Int: 12    God:    Trog [*****.]
Gold:   694        SH:  0    Dex:  9    Spells: 10/10 levels left

rFire    + . .     SeeInvis .   a - +2 war axe
rCold    . . .     Gourm    .   (no shield)
rNeg     + . .     Faith    .   b - +5 chain mail {rF+}
rPois    ∞         Spirit   .   (no helmet)
rElec    +         Reflect  .   F - +2 cloak {MR+}
rCorr    .         Harm     .   (no gloves)
MR       +....                  (no boots)
Stlth    ..........             k - amulet of the acrobat
HPRegen  0.28/turn              v - +2 ring of strength
MPRegen  0.12/turn              C - +4 ring of intelligence

@: berserking (expiring), acrobat, very quick
A: negative energy resistance 1, electricity resistance, unbreathing,
petrification resistance, rot immunity, AC +8
a: Berserk, Trog's Hand, Brothers in Arms, Renounce Religion


You were on level 11 of the Dungeon.
You worshipped Trog.
Trog was extremely pleased with you.
You were hungry.

You visited 2 branches of the dungeon, and saw 12 of its levels.

You collected 694 gold pieces.

Inventory:

Hand Weapons
 a - a +2 war axe (weapon)
Armour
 b - a +5 chain mail of fire resistance (worn)
 F - a +2 cloak of magic resistance (worn)
Jewellery
 k - an amulet of the acrobat (around neck)
 v - a +2 ring of strength (left hand)
 C - a +4 ring of intelligence (right hand)
 D - an uncursed amulet of rage
Wands
 f - a wand of flame (27)
 n - a wand of random effects (27)
 t - a wand of acid (5)
 w - a wand of iceblast (15)
 y - a wand of polymorph (4)
Scrolls
 g - 9 scrolls of teleportation
 h - 5 scrolls of remove curse
 l - 4 scrolls of magic mapping
 m - 6 scrolls of identify
 p - a scroll of fog
 s - a scroll of blinking
Potions
 d - a potion of curing
 e - 2 potions of berserk rage
 i - 2 potions of lignification {unknown}
 j - 3 potions of flight
 o - 2 potions of heal wounds
 r - a potion of cancellation
 z - a potion of mutation
 E - 5 potions of haste
Comestibles
 c - 22 rations


   Skills:
 + Level 10.4 Fighting
 + Level 8.8 Axes
 + Level 10.1 Armour
 + Level 7.8 Dodging


You had 10 spell levels left.
You didn't know any spells.
Your spell library was empty.

Dungeon Overview and Level Annotations

Branches:
Dungeon (11/15)            Temple (1/1) D:4            Lair (0/6) D:9
    Orc: D:9-12

Altars:
Ashenzari
Dithmenos
Elyvilon
Fedhas
Kikubaaqudgha
Ru
Sif Muna
Uskayaw
Zin

Shops:
D:6 !

Portals:
Trove: D:10 (give 2 scrolls of acquirement)


Innate Abilities, Weirdness & Mutations

You are resistant to torment.
Your stone body is resilient. (AC +8)
You are immune to poison.
You resist negative energy. (rN+)
You are resistant to electric shocks. (rElec)
You can survive without breathing.
You are immune to petrification.
You are immune to rotting.


Message History

You hear a shout!
A red film seems to cover your vision as you go berserk!
You feel yourself moving faster!
You feel mighty!
You are feeling hungry.
The orc warrior barely misses you.
You slash the orc warrior!
You kill the orc warrior!
Trog accepts your kill.
The orc priest calls down the wrath of Beogh upon you.
Pain shoots through your body!
* * * LOW HITPOINT WARNING * * *
An orc comes into view. It is wielding a +0 whip.
Things that are here:
a +1 long sword of slicing; a +2 chain mail of magic resistance You feel a strong urge to attack something.
You see here an orc skeleton.
You feel your anger nearly subside.
The orc priest calls down the wrath of Beogh upon you.
Beogh smites you!
You die...

[o#.≈≈...
####oo≈≈..#
≈≈≈≈≈≈8≈..#
≈≈≈≈≈≈≈8[.#
..........#
#####...).#
#...÷.######
#...........
.###...@.......
.......<.......
......)........
....!...........
................
################


You could see an orc warrior and an orc priest.

Vanquished Creatures
  Erolcha (D:10)
  2 two-headed ogres
  Erica (D:8)
  An unseen horror (D:10)
  A deep elf mage (D:10)
  Joseph (D:9)
  Maurice (D:8)
  A centaur zombie (D:10)
  2 trolls
  8 yaks (D:9)
  A steam dragon (D:9)
  Menkaure (D:5)
  2 wargs (D:9)
  3 ice beasts
  5 orc warriors
  A water moccasin (D:9)
  2 black bears
  A phantom (D:6)
  4 ogres
  A crocodile (D:10)
  A centaur (D:8)
  6 bullfrogs
  A wyvern zombie (D:8)
  5 scorpions
  3 killer bees (D:11)
  An electric eel (D:11)
  A howler monkey (D:7)
  5 crimson imps
  A quasit (D:6)
  A jelly (D:10)
  6 orc priests
  4 hounds
  9 orc wizards
  2 iguanas
  Terence (D:2)
  5 worker ants
  2 hound skeletons
  A worker ant zombie (D:9)
  A gnoll (D:4)
  11 adders
  A howler monkey skeleton (D:4)
  An ooze (D:3)
  5 worms
  A dart slug (D:3)
  2 leopard geckos (D:3)
  35 orcs
  5 giant cockroaches
  2 hobgoblins (D:1)
  4 jackals
  A quokka (D:4)
  6 ball pythons
  6 bats
  A frilled lizard (D:1)
  11 goblins
  6 kobolds
  7 rats
201 creatures vanquished.

Vanquished Creatures (others)
  An iguana (D:10)
  An orc wizard (D:6)
2 creatures vanquished.

Grand Total: 203 creatures vanquished

Notes
Turn   | Place    | Note
-------+----------+-------------------------------------------
     0 | D:1      | Fang the Gargoyle Berserker began the quest for the Orb.
     0 | D:1      | Reached XP level 1. HP: 14/14 MP: 1/1
   467 | D:1      | Reached XP level 2. HP: 19/19 MP: 2/2
  1003 | D:2      | Found a hide-covered altar of Uskayaw.
  1032 | D:2      | Reached XP level 3. HP: 23/23 MP: 3/3
  1077 | D:2      | Reached ** piety under Trog
  1175 | D:2      | Noticed Terence
  1183 | D:2      | Killed Terence
  1183 | D:2      | Reached XP level 4. HP: 19/29 MP: 4/4
  1817 | D:3      | Found a shattered altar of Ashenzari.
  1817 | D:3      | Found a deep blue altar of Sif Muna.
  1995 | D:3      | Reached XP level 5. HP: 27/33 MP: 5/5
  2535 | D:4      | Noticed an ogre
  2542 | D:4      | Killed an ogre
  2542 | D:4      | Reached XP level 6. HP: 39/39 MP: 6/6
  2818 | D:4      | Reached *** piety under Trog
  2921 | D:4      | Found a sacrificial altar of Ru.
  3071 | D:4      | Reached skill level 5 in Fighting
  3409 | D:4      | Found a staircase to the Ecumenical Temple.
  3416 | Temple   | Entered the Ecumenical Temple
  3455 | D:4      | Reached XP level 7. HP: 28/44 MP: 7/7
  3608 | D:5      | Entered Level 5 of the Dungeon
  3758 | D:5      | Noticed Menkaure
  3764 | D:5      | Killed Menkaure
  3958 | D:5      | Reached skill level 5 in Armour
  4487 | D:6      | Found Qahy's Distillery.
  4488 | D:6      | Found a shadowy altar of Dithmenos.
  4677 | D:6      | Reached XP level 8. HP: 51/51 MP: 8/8
  4972 | D:6      | Reached skill level 5 in Axes
  6359 | D:8      | Reached XP level 9. HP: 53/56 MP: 9/9
  6392 | D:8      | Reached **** piety under Trog
  6392 | D:8      | Reached skill level 5 in Dodging
  6424 | D:8      | Noticed Erica
  6433 | D:8      | Killed Erica
  6475 | D:8      | Noticed Maurice
  6499 | D:8      | Killed Maurice
  7134 | D:9      | Reached XP level 10. HP: 43/64 MP: 10/10
  7287 | D:9      | Noticed Joseph
  7288 | D:9      | Noticed a two-headed ogre
  7306 | D:9      | Killed a two-headed ogre
  7310 | D:9      | Killed Joseph
  7636 | D:9      | Reached ***** piety under Trog
  7637 | D:9      | Found a staircase to the Lair.
  8140 | D:9      | Reached XP level 11. HP: 50/71 MP: 11/11
  8429 | D:10     | Entered Level 10 of the Dungeon
  8627 | D:10     | Noticed Erolcha
  8651 | D:10     | Killed Erolcha
  8651 | D:10     | Reached skill level 10 in Fighting
  8701 | D:10     | Noticed a two-headed ogre
  8711 | D:10     | Killed a two-headed ogre
  8993 | D:10     | Killed an unseen horror
  9271 | D:10     | Found a portal to a secret trove of treasure.
  9410 | D:10     | Noticed a deep elf mage
  9432 | D:10     | Killed a deep elf mage
  9432 | D:10     | Reached skill level 10 in Armour
  9909 | D:11     | Killed from afar by an orc priest

Skill      XL: |  1  2  3  4  5  6  7  8  9 10 11 |
---------------+----------------------------------+-----
Axes           | 3 4 5 6 8 |  8.8
Dodging        | 2 3 4 5 7 |  7.8
Armour         | 3 4 5 6 7 9 10 | 10.1
Fighting       | 4 5 6 8 9 10 | 10.4

Action                   |  1- 3 |  4- 6 |  7- 9 | 10-12 || total
-------------------------+-------+-------+-------+-------++-------
Melee: Hand axe          |    99 |   198 |       |       ||   297
       War axe           |       |     3 |   368 |   263 ||   634
Invok: Berserk           |     1 |     2 |     3 |     5 ||    11
  Use: Scroll            |       |       |    21 |     4 ||    25
 Stab: Sleeping          |       |     1 |       |       ||     1
  Eat: Chunk             |     1 |    10 |    16 |    13 ||    40
Armor: Animal skin       |    45 |    35 |       |       ||    80
       Chain mail        |       |    69 |   322 |   246 ||   637
Dodge: Dodged            |    77 |   142 |   210 |   177 ||   606
